[Event "*** Titled Tuesday Blitz"]
[Site "Chess.com"]
[Date "2021.03.30"]
[Round "5"]
[White "Twitch_ElhamBlitz05"]
[Black "andriipalchuk"]
[Result "1-0"]
[WhiteElo "2873"]
[BlackElo "2619"]
[TimeControl "180+1"]
[EndTime "10:56:33 PDT"]
[Termination "Twitch_ElhamBlitz05 won by resignation"]

1. e4 e5 2. Nc3 Nc6 3. Bc4 Bc5 4. Qg4 Kf8 5. Qf3 Qf6 6. Nd5 Qxf3 7. Nxf3 Bb6 8. c3 Nge7 9. b4 Nxd5 10. Bxd5 d6 11. Ng5 Nd8 12. O-O c6 13. Bb3 h6 14.
Nf3 g5 15. d3 Kg7 16. Nd2 Ne6 17. Nc4 Bc7 18. Ne3 Nf4 19. Bc2 Ne2+ 20. Kh1 Nxc3 21. Bb2 Ne2 22. Bb3 Nd4 23. Bxd4 exd4 24. Nc2 c5 25. f4 f6 26. Rac1 Bg4 27. Nxd4 Bb6 28. Be6 cxd4 29. Bxg4 Rhe8 30. fxg5 hxg5 31. Rf2 Re5 32.
g3 Rf8 33. Kg2 d5 34. Bf5 dxe4 35. Bxe4 Re7 36. a4 a5 37. Rb1 Ra8 38. bxa5 Bxa5 39.
Rxb7 Rxb7 40. Bxb7 Rb8 41. Bc6 Bc7 42. Bb5 Ba5 43. Rc2 f5 44. Rc5 Kf6 45. Rc6+ Kg7 46. h4 gxh4 47. gxh4 Rh8 48. Kg3 Be1+ 49. Kf4 Rh5 50.
a5 Bd2+ 51. Kg3 Be1+ 52. Kf4 Bd2+ 53. Kf3 Rxh4 54. a6 Rh8 55. a7 Ra8 56. Rc7+ Kf6 57.
Bc6 1-0

[Event "*** Titled Tuesday Blitz"]
[Site "Chess.com"]
[Date "2021.03.30"]
[Round "5"]
[White "Djager97"]
[Black "jacky72"]
[Result "0-1"]
[WhiteElo "2504"]
[BlackElo "2710"]
[TimeControl "180+1"]
[EndTime "10:56:33 PDT"]
[Termination "jacky72 won on time"]

1. e4 e5 2. Nf3 Nc6 3. d4 exd4 4. Nxd4 Nf6 5. Nxc6 bxc6 6. e5 Qe7 7. Qe2 Nd5 8.
c4 Nb6 9. Nc3 a5 10. f4 Ba6 11.
b3 a4 12. Ne4 axb3 13. axb3 Qb4+ 14. Kf2 Qxb3 15. h4 Be7 16. Rh3 Qb4 17. Rha3 Bb7 18.
Rxa8+ Bxa8 19. Ba3 Qa4 20. Nd6+ cxd6 21. exd6 O-O 22.
dxe7 Re8 23. Bb2 Qb4 24. Ba3 Qc3 25. Bb2 Qb4 26. Ba3 Qa5 27. Kg1 Nc8 28. Bb2 Qc5+ 29. Kh1 Bb7 30. Ba3 Qa5 31. Qb2 Qc7 32. g3 c5+ 33. Kh2 Rxe7 34. Bxc5 d6 35. Bf2 Qc6 36.
Bh3 Qf3 37. Qd4 Re2 38. Rf1 h5 39. c5 dxc5 40. Qxc5 Ne7 41. Qd4 Nf5 42. Qd8+ Kh7 43. Bxf5+ g6 44. Bxg6+ Kxg6 45. Qg5+ Kh7 46. Qf5+ Kg7 47.
Qg5+ Kf8 48. Qd8+ Kg7 49. Qg5+ Kh7 50. Qf5+ Kh8 51. Qf6+ Kg8 52. Qd8+ Kh7 0-1

[Event "*** Titled Tuesday Blitz"]
[Site "Chess.com"]
[Date "2021.03.30"]
[Round "5"]
[White "PotapovaM"]
[Black "Witik"]
[Result "0-1"]
[WhiteElo "2492"]
[BlackElo "2710"]
[TimeControl "180+1"]
[EndTime "10:56:35 PDT"]
[Termination "Witik won by resignation"]

1. d4 d5 2. c4 e6 3. Nf3 c6 4.
g3 Bd6 5. Bg2 f5 6. O-O Nf6 7.
b3 Qe7 8. Bb2 O-O 9. Qc1 b6 10.
Ba3 Bb7 11. Bxd6 Qxd6 12. Qa3 Qxa3 13. Nxa3 Nbd7 14. Rac1 Rac8 15. e3 Kf7 16. Rc2 Ke7 17. Rfc1 Ne4 18. Kf1 Rc7 19. cxd5 exd5 20. Nb5 Ba6 21.
a4 Nd6 22. Ke1 Nxb5 23. axb5 Bxb5 24. Ng5 Nf6 25. Nh3 a5 26. Nf4 Kd6 27. h4 Rfc8 28.
h5 c5 29. Rd1 c4 30. bxc4 Bxc4 31. Bh3 Bb3 32. Rxc7 Rxc7 33. Rb1 a4 34. Bxf5 b5 35.
Ne6 Ra7 36. Nc5 Bc4 37. Kd2 h6 38. Kc3 Nxh5 39. Kb4 Nf6 40. f3 Ne8 41. e4 dxe4 42. fxe4 Nc7 43. e5+ Ke7 44. Be4 a3 45. d5 Bxd5 46.
Bd3 a2 47. Ra1 Ne6 48. Nxe6 Kxe6 49. Bxb5 Kxe5 50. Kc3 Kf5 51. Be2 Kg5 52. Kd2 Rb7 53.
Kc3 Rb1 0-1

[Event "*** Titled Tuesday Blitz"]
[Site "Chess.com"]
[Date "2021.03.30"]
[Round "5"]
[White "ChronicUnhappiness"]
[Black "campomania3"]
[Result "1-0"]
[WhiteElo "2345"]
[BlackElo "2215"]
[TimeControl "180+1"]
[EndTime "10:56:35 PDT"]
[Termination "ChronicUnhappiness won on time"]

1. c4 c6 2. Nf3 d5 3. g3 Nf6 4. Bg2 Bf5 5. O-O e6 6. cxd5 exd5 7.
Nc3 Be7 8. d3 O-O 9. Nh4 Bg4 10.
h3 Bd7 11. e4 dxe4 12. dxe4 Qc8 13. e5 Ne8 14. Qh5 Bxh3 15. Ng6 hxg6 16. Qxh3 Qxh3 17.
Bxh3 Nc7 18. Be3 Nba6 19. Ne4 Nb4 20. Rad1 Ncd5 21. Bc5 Rfd8 22. a3 Na6 23. Bxe7 Nxe7 24. Nd6 b6 25. b4 Nc7 26. Rc1 Ncd5 27. Bg2 f6 28. Rfd1 fxe5 29. Rxc6 Rd7 30. Bxd5+ Nxd5 31. Rxd5 Rad8 32. Rxe5 Rxd6 33. Rc7 R6d7 34. Re7 Rxc7 35. Rxc7 Ra8 36. Rb7 a5 37. b5 Rc8 38. Rxb6 Rc3 39. Rxg6 Rxa3 40. Ra6 a4 41. Kg2 Rb3 42. b6 a3 43. g4 a2 44. Rxa2 Rxb6 45. Kg3 Rb5 46. Ra6 Kf7 47. f4 Rb3+ 48. Kh4 Rb4 49. Kg5 Rb1 50.
Ra7+ Kg8 51. f5 Rb6 52. Kh5 Rc6 53. g5 Rc1 54. Re7 Rc6 55. Re6 Rc7 56. Kg6 Rc8 57. Rd6 Rb8 58. f6 gxf6 59. gxf6 1-0

[Event "*** Titled Tuesday Blitz"]
[Site "Chess.com"]
[Date "2021.03.30"]
[Round "5"]
[White "Vanina1989"]
[Black "gilbert_gm"]
[Result "1-0"]
[WhiteElo "2770"]
[BlackElo "2565"]
[TimeControl "180+1"]
[EndTime "10:56:36 PDT"]
[Termination "Vanina1989 won by resignation"]

1. d4 d5 2. c4 c6 3. Nf3 Nf6 4. g3 Bg4 5. Bg2 Nbd7 6. O-O Bxf3 7. Bxf3 e6 8. b3 Bd6 9. Bb2 O-O 10. Bg2 Qe7 11. Nd2 Ba3 12. Qc2 a5 13. e3 a4 14. bxa4 Qb4 15. Rfb1 Rfb8 16. c5 Qxa4 17. Qxa4 Rxa4 18. f4 b5 19. Bf3 Bxb2 20. Rxb2 Rba8 21. Bd1 Ra3 22. Kf2 Ne8 23. Nb1 R3a5 24. Nc3 Ra3 25. Nb1 R3a5 26. Nc3 Ra3 27. Bb3 f5 28. Nb1 R3a5 29. Bc2 Nef6 30. Nd2 Ra3 31. h3 Kf7 32. Nf3 Ne4+ 33. Bxe4 fxe4 34. Ng5+ Ke7 35. Nxh7 Rd3 36. Ng5 Raa3 37. Re2 b4 38. Rb1 Ra4 39. Rbb2 Nb8 40. g4 Nd7 41. h4 Nf6 42. Kg3 Raa3 43. f5 Rxe3+ 44. Rxe3 Rxe3+ 45. Kf4 Rd3 46. Rxb4 exf5 47. gxf5 Nh5+ 48. Ke5 Nf6 49. Rb7+ Nd7+ 50. Kf4 Rxd4 51. Ne6 Rc4 52. Nxg7 Kd8 53. Ne6+ Kc8 54. Rc7+ Kb8 55. Rxd7 e3+ 56. Kxe3 Rxh4 57. Kd3 Kc8 58. Rd6 Kb8 59. Nd4 1-0

[Event "*** Titled Tuesday Blitz"]
[Site "Chess.com"]
[Date "2021.03.30"]
[Round "5"]
[White "Savagelittlemole"]
[Black "kekic76"]
[Result "1-0"]
[WhiteElo "2532"]
[BlackElo "2386"]
[TimeControl "180+1"]
[EndTime "10:56:37 PDT"]
[Termination "Savagelittlemole won by resignation"]

1. e4 e6 2. d4 d5 3. Nd2 dxe4 4. Nxe4 Nd7 5. Nf3 Ngf6 6. Nxf6+ Nxf6 7. Bd3 Be7 8. O-O O-O 9. c3 b6 10. h3 Bb7 11.
Bf4 c5 12. dxc5 Bxc5 13. Be2 Nd5 14. Bg3 Ne7 15. Ne5 Nf5 16. Bf4 Re8 17. Bf3 Qxd1 18. Raxd1 Bxf3 19. Nxf3 Rad8 20. Ne5 f6 21. Nc6 Rxd1 22.
Rxd1 e5 23. Bc1 a5 24. b4 axb4 25. cxb4 Bd4 26. Nxd4 Nxd4 27. Be3 Nc2 28. Bxb6 Nxb4 29. a4 Ra8 30. a5 Nc6 31. Rc1 Nb4 32. Rc7 h5 33. Rb7 Kh7 34. Rd7 Kg6 35. Kf1 Nc6 36.
Rd5 Kf5 37. Rc5 Nb4 38. Ke2 Ke6 39. Rc7 g5 40. Rc4 Nd5 41. Rc6+ Kf5 42. Rd6 Nxb6 43.
axb6 Ra2+ 44. Rd2 Ra8 45. Rb2 Rb8 46. b7 Ke6 47. Ke3 Kd5 48. g4 h4 49. f3 Kc6 50. Ke4 Kc7 51. Kf5 Kc6 52. Kxf6 Kc7 53.
Kxe5 Re8+ 54. Kf5 Kb8 55. Kxg5 Re3 56. Kxh4 Rxf3 57. Rb4 Rf8 58. g5 Rh8+ 59. Kg4 Rd8 60. h4 Rd1 61. h5 1-0

[Event "*** Titled Tuesday Blitz"]
[Site "Chess.com"]
[Date "2021.03.30"]
[Round "5"]
[White "kuba2006"]
[Black "FMalexhdez"]
[Result "0-1"]
[WhiteElo "2336"]
[BlackElo "2231"]
[TimeControl "180+1"]
[EndTime "10:56:37 PDT"]
[Termination "FMalexhdez won by checkmate"]

1. e4 c5 2. Nf3 d6 3. d4 cxd4 4. Qxd4 Nc6 5. Bb5 Bd7 6. Bxc6 Bxc6 7. Nc3 e6 8. Bg5 Nf6 9. O-O-O Be7 10. Rhe1 Qc7 11.
Kb1 a6 12. Bxf6 gxf6 13. Nd5 Qd8 14. Nxe7 Kxe7 15. Re3 Qc7 16. Nd2 Rac8 17. c4 Rhg8 18. g3 b5 19. Rc3 b4 20. Rd3 Bb7 21. f4 a5 22. Nb3 a4 23. Nc1 Rgd8 24. b3 a3 25. g4 Qc5 26. f5 Qxd4 27. Rxd4 e5 28. Rd5 Bxd5 29. exd5 h5 30. h3 hxg4 31. hxg4 Rh8 32.
Nd3 Rb8 33. Nf2 Rh2 34. Ne4 Rb2+ 35. Ka1 Rh8 36. Rb1 Rhh2 37. Rxb2 Rxb2 38. c5 dxc5 39. Nxc5 Rc2 40. d6+ Kxd6 41. Ne4+ Kd5 42. Nxf6+ Kd4 43. Kb1 Rg2 44. Kc1 Kc3 45. Kd1 Rxa2 46. g5 Ra1+ 47.
Ke2 a2 48. g6 fxg6 49. fxg6 Rg1 50. Ne4+ Kxb3 51. Nd2+ Ka4 52. Nb3 Rxg6 53. Nc5+ Ka3 54.
Nb3 Kxb3 55. Ke3 a1=Q 56. Kf2 Qc3 57. Ke2 Rf6 58. Kd1 Rf3 59. Ke2 Re3+ 60. Kf2 Qd2+ 61. Kf1 Re1# 0-1

[Event "*** Titled Tuesday Blitz"]
[Site "Chess.com"]
[Date "2021.03.30"]
[Round "5"]
[White "utsavp"]
[Black "m-garcett"]
[Result "0-1"]
[WhiteElo "2295"]
[BlackElo "2136"]
[TimeControl "180+1"]
[EndTime "10:56:37 PDT"]
[Termination "m-garcett won by checkmate"]

1. e4 c5 2. Nf3 d6 3. Bc4 Nf6 4. d3 Bg4 5. c3 e6 6. h3 Bh5 7.
Bb3 Nc6 8. Nbd2 Be7 9. Nf1 O-O 10.
Ng3 Bg6 11. Nh4 d5 12. Nxg6 hxg6 13. Qe2 Rc8 14. O-O b5 15. e5 Nd7 16. f4 c4 17. Bc2 cxd3 18. Bxd3 b4 19. Bd2 bxc3 20.
Bxc3 Nc5 21. Bc2 d4 22. Rad1 Qb6 23. b4 d3 24. Bxd3 Nxd3+ 25. Kh2 Ndxb4 26. Ne4 Nd5 27. Ba1 Ncb4 28. h4 Rc2 29. Qf3 Rxa2 30. Bd4 Qa6 31. h5 Qe2 32. Qxe2 Rxe2 33. Ng3 Ra2 34. hxg6 fxg6 35. Ne4 Rxf4 36. Rfe1 Rh4+ 37. Kg1 Rg4 38. g3 Nc2 39. Bf2 Nxe1 40. Rxe1 Bd8 41. Kg2 Bb6 42.
Kf3 Bxf2 43. Nxf2 Rga4 44. Rb1 R2a3+ 45. Kg2 Rb4 46. Rc1 Rb2 47. Rc8+ Kf7 48. Rf8+ Kxf8 49. Kh3 Rxf2 50. Kh4 Rf5 51. Kg4 Rxe5 52. Kh4 Ra4+ 53.
Kh3 Rg5 54. g4 Rgxg4 55. Kh2 Rgb4 56. Kh3 Rb3+ 57. Kh2 Ra2+ 58. Kh1 Rb1# 0-1

[Event "*** Titled Tuesday Blitz"]
[Site "Chess.com"]
[Date "2021.03.30"]
[Round "5"]
[White "MarkoPe"]
[Black "Das_Virus_2020"]
[Result "1-0"]
[WhiteElo "2245"]
[BlackElo "2472"]
[TimeControl "180+1"]
[EndTime "10:56:43 PDT"]
[Termination "MarkoPe won by resignation"]

1. e4 e6 2. d4 d5 3. Nd2 Nf6 4. e5 Nfd7 5. Bd3 c5 6. c3 Nc6 7. Ne2 cxd4 8. cxd4 f6 9. exf6 Nxf6 10. Nf3 Bd6 11. O-O O-O 12. Ng3 Bd7 13. Re1 Qc7 14. Bd2 Rae8 15. Rc1 Re7 16. Bc3 Qb8 17. a3 Bf4 18.
Rc2 Be8 19. Rce2 Bf7 20. Qc2 a6 21. Ne5 g6 22. Nxc6 bxc6 23. Bxa6 Bd6 24. Bd3 Rfe8 25. Qd2 Kg7 26. a4 Bf4 27. Qc2 Ng4 28. a5 Ra7 29. a6 Qd8 30. h3 Nf6 31. Bb4 Bd6 32. Bc5 Bxc5 33. Qxc5 Qd7 34. Rc1 Rc8 35. b4 Rac7 36. Qb6 Ne8 37. Rec2 h5 38. b5 cxb5 39. Rxc7 Rxc7 40. Rxc7 Nxc7 41. a7 b4 42. Ne2 Qd8 43. Qxb4 Qa8 44. Qb8 Qc6 45. Qxc7 Qxc7 46. a8=Q Qd6 47.
Qa6 Qe7 48. Nf4 Qf6 49. Ne2 h4 50. Qd6 g5 51. Qe5 Qxe5 52. dxe5 Kh6 53. Nd4 Kg7 54. Kf1 Bg8 55. Ke2 Kh6 56. Ke3 Kh5 57. Bb5 g4 58.
Bd7 gxh3 59. gxh3 Kg6 60. Bxe6 1-0

[Event "*** Titled Tuesday Blitz"]
[Site "Chess.com"]
[Date "2021.03.30"]
[Round "5"]
[White "LEGENYA1998"]
[Black "karwowskikacper"]
[Result "1/2-1/2"]
[WhiteElo "2261"]
[BlackElo "2440"]
[TimeControl "180+1"]
[EndTime "10:56:43 PDT"]
[Termination "Game drawn by agreement"]

1. g3 g6 2. Bg2 Bg7 3. f4 d5 4. Nf3 Nf6 5. O-O O-O 6. d3 c6 7.
Qe1 Qb6+ 8. Kh1 Re8 9. Ne5 Nbd7 10. Nxd7 Bxd7 11. e4 dxe4 12. dxe4 e5 13. f5 c5 14. Nc3 Bc6 15. Bg5 Rf8 16. Nd5 Bxd5 17.
exd5 Qxb2 18. Rb1 Qxc2 19. Rxb7 Rae8 20. d6 gxf5 21. d7 Rd8 22. Qxe5 Nxd7 23. Qxf5 Qxf5 24. Rxf5 f6 25. Be3 Rfe8 26. Bf2 Ne5 27. Bxc5 Rc8 28. Bg1 Rc1 29. Rf1 Rxf1 30. Bxf1 Nf3 31. Bf2 a5 32. Kg2 Ne1+ 33. Kh3 Nf3 34. Ra7 Ng5+ 35. Kg2 Re5 36. Bc4+ Kf8 37. Ra8+ Ke7 38. Ra7+ Kf8 39. Bb6 Ne6 40.
Rxa5 Rxa5 41. Bxa5 Nd4 42. Bc3 Nc6 43. a4 f5 44.
Bxg7+ Kxg7 45. Bd3 Kf6 46. Kf3 Ke5 47. Bb5 Nd4+ 48.
Ke3 Nb3 49. Kd3 Na5 50. Kc3 Kd5 51. Kb4 Nb7 52. Bd3 Nd6 53. a5 Kc6 54. h3 h6 55.
Kc3 Kd5 56. a6 Kc6 57. Be2 Kb6 58. Kd4 Ne4 59. g4 fxg4 60. hxg4 Nf6 61. Ke5 Nxg4+ 62. Bxg4 Kxa6 63. Kf6 1/2-1/2

[Event "*** Titled Tuesday Blitz"]
[Site "Chess.com"]
[Date "2021.03.30"]
[Round "5"]
[White "malakismayil"]
[Black "ApoIogiA"]
[Result "0-1"]
[WhiteElo "2312"]
[BlackElo "2194"]
[TimeControl "180+1"]
[EndTime "10:56:43 PDT"]
[Termination "ApoIogiA won by resignation"]

1. e4 c6 2. d4 d5 3. exd5 cxd5 4. Bd3 Nc6 5. c3 Nf6 6. h3 e5 7.
dxe5 Nxe5 8. Bb5+ Bd7 9. Qe2 Bxb5 10. Qxb5+ Qd7 11. Qxd7+ Kxd7 12. Bf4 Nd3+ 13. Kd2 Nxf4 14.
g3 Ne6 15. Nf3 Bc5 16. Ne5+ Ke7 17. Nd3 Rhe8 18. f3 Kd6 19. b4 Bb6 20. Na3 a6 21. Nc2 Rac8 22. a4 Ng5 23. Raf1 h5 24. h4 Ne6 25. a5 Ba7 26. Re1 g6 27. Re2 Ng7 28. Rg2 Re7 29. Nf4 Rec7 30. Ne2 Nd7 31. Ne3 Bxe3+ 32. Kxe3 Ne5 33. Rd1 Nc4+ 34. Kf2 Ne6 35.
Rgg1 Rd7 36. Rd3 Rcd8 37. Rgd1 Kc6 38. Re1 Ne5 39. Re3 f6 40. Nd4+ Nxd4 41. cxd4 Nc4 42. Re6+ Rd6 43. Re7 R8d7 44. Re8 Kb5 45. Rb1 Na3 46.
Rb3 Nc2 47. Rc8 Nxb4 48. Rc5+ Ka4 49. Rb1 Nd3+ 50. Ke3 Nxc5 51. dxc5 Rc6 52. Kd4 Rdc7 53. Ra1+ Kb3 54. Rb1+ Kc2 55. Re1 Rxc5 56. Re2+ Kd1 57. Re6 R5c6 58. Re3 Rc4+ 59. Kxd5 R7c5+ 60. Kd6 Rxa5 61. Rd3+ Ke2 62. Rb3 Rc6+ 63. Kd7 Rb5 0-1

[Event "*** Titled Tuesday Blitz"]
[Site "Chess.com"]
[Date "2021.03.30"]
[Round "5"]
[White "sganerdene"]
[Black "muchojogo"]
[Result "1/2-1/2"]
[WhiteElo "2670"]
[BlackElo "2429"]
[TimeControl "180+1"]
[EndTime "10:56:44 PDT"]
[Termination "Game drawn - insufficient material"]

1. e4 c5 2. Nf3 d6 3. d4 cxd4 4.
Nxd4 Nf6 5. Nc3 g6 6. Be3 Bg7 7.
Be2 Nc6 8. O-O O-O 9. f4 Qb6 10.
Qd3 Ng4 11. Bxg4 Bxd4 12. Bxd4 Qxd4+ 13. Qxd4 Nxd4 14. Bd1 Be6 15. Nd5 Bxd5 16. exd5 Rac8 17. c3 Nf5 18. Re1 Rc7 19. g4 Ng7 20. Kf2 Ne8 21.
Bf3 Nf6 22. g5 Nd7 23. Rxe7 Rfc8 24. Bg4 Nb6 25. Rxc7 Rxc7 26. Rd1 a5 27. Be2 Rc5 28. Bf3 a4 29. Rd3 Rb5 30. Rd2 Nc4 31. Be2 Rxb2 32. Rxb2 Nxb2 33. Ke1 a3 34. Bb5 Kg7 35. Kd2 Kf8 36.
h4 Ke7 37. Kc2 f6 38. Be2 fxg5 39. fxg5 Na4 40. Kb3 Nc5+ 41. Kxa3 Ne4 42. Kb4 Ng3 43.
Bd3 Nh5 44. a4 Nf4 45. Be4 Kd7 46. a5 Kc7 47. Kc4 Ne2 48. Kd3 Nf4+ 49. Ke3 Nh5 50. Kf3 Ng7 51. Kg4 Kb8 52. Bd3 Ka7 53. Kf4 Nh5+ 54.
Kf3 Ng7 55. Kf4 Nh5+ 56. Ke3 Ng7 57. Kd4 Nh5 58. c4 b6 59. axb6+ Kxb6 60. c5+ dxc5+ 61. Ke5 Kc7 62. Bb5 Ng7 63. d6+ Kd8 64. Bd3 c4 65. Bxc4 Nf5 66. Bg8 Nxh4 67. Bxh7 Nf3+ 68. Kf6 Nxg5 69.
Kxg5 Kd7 70. Bxg6 Kxd6 1/2-1/2

[Event "*** Titled Tuesday Blitz"]
[Site "Chess.com"]
[Date "2021.03.30"]
[Round "5"]
[White "arminmusovic"]
[Black "Aslanov_Umid"]
[Result "1-0"]
[WhiteElo "2564"]
[BlackElo "2415"]
[TimeControl "180+1"]
[EndTime "10:56:45 PDT"]
[Termination "arminmusovic won by checkmate"]

1. e4 c5 2. c3 Nf6 3. e5 Nd5 4.
d4 cxd4 5. Nf3 d6 6. cxd4 Nc6 7. Bc4 Nb6 8. Bb5 d5 9. h3 Bf5 10. a3 e6 11. O-O Be7 12. Nc3 O-O 13. Re1 Na5 14.
Nd2 a6 15. Bf1 Nac4 16. Nxc4 Nxc4 17. b3 Na5 18. Bb2 Qb6 19. b4 Nc6 20. Na4 Qd8 21. Rc1 Rc8 22. Nc5 Bxc5 23. dxc5 Qg5 24. Qb3 Qg6 25. a4 Rfd8 26. b5 axb5 27. axb5 Na5 28.
Qe3 Nc4 29. Bxc4 dxc4 30. Bd4 Bxh3 31. g3 Qd3 32. Bc3 Qxe3 33. Rxe3 Rxc5 34. Bb4 Rxb5 35. Rxc4 Rbd5 36. Bd6 Bf5 37. Rc7 b5 38. Ra3 Be4 39. f3 Bg6 40. Rd7 Re8 41. Re7 f6 42. Rd7 fxe5 43.
Raa7 Rd1+ 44. Kf2 Rd5 45. Rxg7+ Kh8 46. Rgd7 Rc8 47. g4 Rd2+ 48. Kg3 Rd5 49. Kh4 b4 50. Bxb4 Rxd7 51. Rxd7 e4 52. fxe4 Bxe4 53. Bd6 Bg6 54.
Kg5 Ra8 55. Kh6 Kg8 56. Rg7+ Kh8 57. Be5 Ra5 58. Bf6 Ra2 59. Rxg6# 1-0

[Event "*** Titled Tuesday Blitz"]
[Site "Chess.com"]
[Date "2021.03.30"]
[Round "5"]
[White "BJthechessgod"]
[Black "Eliwood44"]
[Result "0-1"]
[WhiteElo "2322"]
[BlackElo "2510"]
[TimeControl "180+1"]
[EndTime "10:56:45 PDT"]
[Termination "Eliwood44 won by resignation"]

1. e4 e5 2. Nf3 Nc6 3. Bc4 Nf6 4. d3 Bc5 5. c3 a6 6. O-O d6 7. a4 O-O 8. Bg5 h6 9. Bh4 Ba7 10. Nbd2 Ne7 11. Bxf6 gxf6 12. Nh4 Kh7 13. Qh5 Ng6 14. Nf5 Bxf5 15. Qxf5 Qc8 16. Qxf6 Qg4 17. h3 Qg3 18. d4 Qg5 19. Qxg5 hxg5 20. Nf3 f6 21.
Be6 Kg7 22. g3 Rfe8 23. d5 Rh8 24. Kg2 Rh6 25. Ra3 Rah8 26. Rb3 Rb8 27. a5 Bc5 28. Nh2 Rhh8 29. Ng4 Rhf8 30. c4 Bd4 31. Ne3 Ne7 32. Nc2 Bc5 33. Rf3 c6 34. b4 Ba7 35.
Ne3 b6 36. dxc6 Nxc6 37. Nf5+ Kg6 38. Nxd6 Nxb4 39. axb6 Rxb6 40. c5 Rc6 41. Bf5+ Kg7 42. Rd1 Bxc5 43. Nb7 Bd4 44. Rb3 Rb6 45. Na5 Rfb8 46.
Nc4 Rb5 47. Nd6 R5b6 48. Nc4 Rc6 49. Na5 Rc5 50. Ra3 Rbb5 51. Nb3 Rc3 52. Nxd4 exd4 53. Rxc3 dxc3 54. Rd7+ Kf8 55. Rc7 c2 56. e5 fxe5 57.
Bxc2 Nxc2 58. Rxc2 Ke7 59. Kf3 Kf6 60. Ke4 Rb4+ 61.
Kf3 a5 62. Rc5 a4 63. Ra5 Kf5 64. Ra6 Rb3+ 65. Ke2 a3 66. Ra4 Rb2+ 67. Kf3 a2 68. Ra5 Ke6 69. Ra6+ Kd5 70. h4 gxh4 71. gxh4 e4+ 72. Ke3 Ke5 73. h5 Rb3+ 74. Ke2 Rb2+ 75. Ke3 Rb3+ 76. Ke2 Kf4 77. h6 Rb2+ 78. Kf1 Rb1+ 79.
Kg2 a1=Q 80. Rxa1 Rxa1 81. h7 Ra8 82. h8=Q Rxh8 0-1

[Event "*** Titled Tuesday Blitz"]
[Site "Chess.com"]
[Date "2021.03.30"]
[Round "5"]
[White "Rozum_Ivan"]
[Black "sergeikim"]
[Result "1-0"]
[WhiteElo "2737"]
[BlackElo "2506"]
[TimeControl "180+1"]
[EndTime "10:56:46 PDT"]
[Termination "Rozum_Ivan won by resignation"]

1. e4 e5 2. Nf3 Nc6 3. Nc3 Nf6 4. h3 g6 5. d4 exd4 6. Nxd4 d6 7. Nde2 Bg7 8. g3 O-O 9. Bg2 Re8 10. O-O Bd7 11.
a4 a6 12. g4 Rb8 13. a5 Ne5 14. b3 Bc6 15. Bb2 Ned7 16. f3 Nc5 17. Ra2 Nfd7 18. b4 Ne6 19. f4 Nef8 20. Nd5 Bxd5 21. exd5 Bxb2 22. Rxb2 Qe7 23. c4 Qe3+ 24. Kh1 Nf6 25.
Qd4 Qe7 26. Ng3 h6 27. Re2 Qd8 28. Rfe1 Rxe2 29. Rxe2 N8h7 30. Bf3 Qd7 31. Kg2 Re8 32. Qa7 Rxe2+ 33. Bxe2 Qc8 34. Qe3 Qd7 35. Bf3 Kg7 36.
Qa7 Qc8 37. b5 Nd7 38. Qd4+ Kg8 39. Ne4 Qe8 40. h4 Qe7 41. g5 h5 42. Kf2 Nc5 43. Nxc5 dxc5 44. Qe3 Qd6 45. Qe5 Qd7 46. bxa6 bxa6 47.
Kg3 Nf8 48. Qf6 Qd6 49. Qxd6 cxd6 50. Bd1 Nd7 51. Ba4 Nb8 52. f5 Kg7 53. Kf4 f6 54. Be8 fxg5+ 55. Kxg5 gxf5 56. Kxf5 Kf8 57. Ba4 Ke7 58. Kg6 Kf8 59. Kxh5 Kf7 60. Kg5 Kg7 61. Kf5 Kf7 62. h5 Kg7 63. Ke6 Kh6 64. Kxd6 Kxh5 65. Kc7 1-0

[Event "*** Titled Tuesday Blitz"]
[Site "Chess.com"]
[Date "2021.03.30"]
[Round "5"]
[White "Julianos82"]
[Black "hypert"]
[Result "0-1"]
[WhiteElo "2383"]
[BlackElo "2530"]
[TimeControl "180+1"]
[EndTime "10:56:46 PDT"]
[Termination "hypert won by checkmate"]

1. d4 d5 2. Bf4 c5 3. e3 Nc6 4. c3 Bf5 5. Nf3 e6 6. Qa4 Qb6 7. Qb5 Qxb5 8. Bxb5 f6 9. Nbd2 Ne7 10. O-O g5 11. Bg3 h5 12. h4 g4 13. Ne1 a6 14.
Bd3 c4 15. Bc2 Bxc2 16. Nxc2 f5 17. f3 Bh6 18. Rae1 Rg8 19. Kh2 Kd7 20. Rf2 Raf8 21. Rfe2 Rg6 22. f4 b5 23. b3 Rb8 24. Ra1 Rgg8 25.
Ree1 Ra8 26. Reb1 Rgb8 27. Be1 Ng8 28. a4 Kc7 29. b4 a5 30. axb5 Rxb5 31. bxa5 Rbxa5 32. Rxa5 Rxa5 33. Rb2 Bf8 34. Nb1 Nf6 35. Bd2 Ne4 36.
Bc1 g3+ 37. Kh3 Be7 38. Bd2 Ra8 39.
Be1 Rg8 40. Nd2 Nxc3 41. Bxg3 Nd1 42. Rb1 Nxe3 43. Nxe3 Nxd4 44. Ra1 Bb4 45. Nf3 Ne2 46. Be1 Bc5 47. Bf2 Nxf4+ 48. Kh2 Kc6 49. Ra5 Bxe3 50. Bxe3 Nxg2 51. Bd2 c3 52. Bxc3 Nf4 53. Ng5 Ne2 54.
Bd2 Kd7 55. Ra7+ Kd6 56. Bb4+ Ke5 57. Nf7+ Kf4 58. Ng5 Kg4 59. Ra4 f4 60. Bd2 Rc8 61. Nxe6 Rc2 62. Bxf4 Nxf4+ 63. Kh1 Kg3 64. Rxf4 Rc1+ 65.
Rf1 Rxf1# 0-1

[Event "*** Titled Tuesday Blitz"]
[Site "Chess.com"]
[Date "2021.03.30"]
[Round "5"]
[White "chessmadara"]
[Black "viktorgen2021"]
[Result "1-0"]
[WhiteElo "2215"]
[BlackElo "2308"]
[TimeControl "180+1"]
[EndTime "10:56:46 PDT"]
[Termination "chessmadara won by checkmate"]

1. c4 Nf6 2. g3 e6 3. Bg2 d5 4. Nf3 b6 5. cxd5 exd5 6. O-O Bb7 7. d4 Be7 8. Nc3 O-O 9. Bf4 c5 10.
Rc1 Nc6 11. Qa4 a6 12. dxc5 bxc5 13. Rfd1 Rc8 14. Ne5 Nb8 15. Qb3 Ba8 16. Nxd5 Nxd5 17. Bxd5 Bxd5 18. Rxd5 Qa5 19. Rcd1 Bf6 20. Nc4 Qb5 21.
Qxb5 axb5 22. Nd6 Rc6 23. b3 Rb6 24. Ne4 c4 25. Nxf6+ gxf6 26. bxc4 bxc4 27. Rc5 Rb4 28. Rc1 Ra4 29. R5xc4 Rxa2 30. e3 Nd7 31. Bd6 Re8 32. Rg4+ Kh8 33. Rc7 Ne5 34. Bxe5 fxe5 35. Rxf7 Rg8 36.
Rh4 Rg6 37. Rhxh7+ Kg8 38. Rb7 Ra8 39. Rhe7 Rg5 40.
h4 Rh5 41. Kg2 Rf8 42. Rg7+ Kh8 43. Rg5 Rxg5 44. hxg5 Rg8 45. Re7 Rxg5 46. Kf3 Kg8 47. Ke4 Rg6 48. Rxe5 Ra6 49. g4 Kf7 50. Kf5 Ra4 51.
f4 Kg7 52. Re7+ Kf8 53. Re5 Ra6 54. g5 Ra7 55. e4 Kg7 56. Kg4 Rf7 57. f5 Ra7 58.
f6+ Kf7 59. Kf5 Ra8 60. g6+ Kg8 61. Re7 Ra5+ 62. e5 Ra1 63. f7+ Kf8 64. Re8+ Kg7 65. f8=Q# 1-0

[Event "*** Titled Tuesday Blitz"]
[Site "Chess.com"]
[Date "2021.03.30"]
[Round "5"]
[White "BursaBBSatranc"]
[Black "liczner"]
[Result "0-1"]
[WhiteElo "2610"]
[BlackElo "2812"]
[TimeControl "180+1"]
[EndTime "10:56:47 PDT"]
[Termination "liczner won by resignation"]

1. d4 Nf6 2. Nf3 g6 3. Bf4 Bg7 4. e3 d5 5. Nbd2 c5 6. c3 O-O 7.
Be2 Nc6 8. O-O Nd7 9. Qb3 e5 10. dxe5 Ndxe5 11. Nxe5 Nxe5 12. Nf3 c4 13. Qa3 Nxf3+ 14.
Bxf3 Be6 15. Rfd1 Qd7 16. Rd2 Rfd8 17. Rad1 Bf8 18. Qa5 b6 19. Qa6 Qc6 20. a4 Rd7 21.
Qb5 Qxb5 22. axb5 Rad8 23. Bg5 Rc8 24. Bxd5 Rc5 25. Bxe6 Rxd2 26. Rxd2 fxe6 27. Bf6 Rxb5 28.
g3 Kf7 29. Bd8 Rd5 30. Rxd5 exd5 31. Kf1 Ke6 32. Ke2 Kf5 33. f3 Bd6 34. g4+ Ke6 35. h3 b5 36. Kd2 Bc5 37. Bg5 a5 38. Kc2 b4 39. Kb1 b3 40. Kc1 a4 41. Kb1 a3 42.
bxa3 Bxa3 43. Bh6 Be7 44. Bg7 Bd8 45. Bd4 Bg5 46. Kb2 Be7 47. Kb1 Bd6 48. Kb2 Be5 49. Kb1 Bxd4 50. cxd4 c3 51. e4 dxe4 52. fxe4 Kd6 53.
Kc1 Kc6 54. g5 Kb5 55. e5 Kc4 56. e6 Kd3 57. e7 b2+ 58. Kb1 Kd2 59. e8=Q c2+ 60.
Kxb2 c1=Q+ 61. Kb3 Qc3+ 62. Ka2 Qc4+ 63. Kb2 Qxd4+ 64. Kb3 Qe3+ 65. Qxe3+ Kxe3 66. Kc4 Kf4 67. h4 Kg4 0-1

[Event "*** Titled Tuesday Blitz"]
[Site "Chess.com"]
[Date "2021.03.30"]
[Round "5"]
[White "Savva09022009"]
[Black "Smile2005"]
[Result "1-0"]
[WhiteElo "2600"]
[BlackElo "2440"]
[TimeControl "180+1"]
[EndTime "10:56:47 PDT"]
[Termination "Savva09022009 won on time"]

1. d4 d5 2. c4 e6 3. Nc3 c6 4.
e4 Bb4 5. Bd3 Ne7 6. a3 Bxc3+ 7.
bxc3 O-O 8. Nf3 Nd7 9. e5 h6 10. cxd5 cxd5 11. O-O Nb6 12. Bc2 Nc4 13. Qd3 Ng6 14.
h4 f5 15. h5 Nh8 16. g4 b5 17. a4 bxa4 18. Kh1 Ba6 19. Rg1 Nxe5 20. Qxa6 Nxf3 21. Qxe6+ Nf7 22. Bxf5 Qc7 23. Rg3 Rae8 24. Rxf3 Rxe6 25. Bxe6 Qe7 26. Bxd5 Qh4+ 27. Kg2 Qxg4+ 28. Rg3 Qf5 29. c4 Rd8 30. Bxf7+ Qxf7 31. Bxh6 Qxc4 32. Bxg7 Kh7 33. h6 Qc6+ 34. Kh2 Qc2 35. Rf3 Qe4 36. Raa3 Qh4+ 37.
Kg2 Rd6 38. Rxa4 Rg6+ 39. Kf1 Qe4 40. Raa3 Qb1+ 41. Ke2 Qb2+ 42. Kf1 Qb1+ 43. Ke2 Rg1 44. Rfd3 Qe1+ 45. Kf3 Qe6 46. Be5 Qf5+ 47. Ke3 Rg2 48. Ra2 Qh3+ 49. Ke4 Qg4+ 50. f4 Rxa2 51.
d5 Qg2+ 52. Kf5 Ra5 53. d6 Qe2 54. Rd4 Qc2+ 55. Kf6 Qc8 56. d7 Qd8+ 57. Ke6 Ra6+ 58. Bd6 Rb6 59. f5 a5 60. f6 a4 61. f7 1-0